 Dungeon Sprint DCSS version 0.30-a0-1116-gebefce21f7 (webtiles) character file.

Game seed: 3771873032951138434

12 BigDaddyOpFi the Shooter (level 6, -7/52 HPs)
             Began as a Human Hunter on Apr 21, 2023.
             Mangled by a gnoll sergeant
             ... wielding a +0 spear
              (12 damage)
             ... in the Dungeon (Sprint VI: "Thunderdome").
             The game lasted 00:01:23 (138 turns).

BigDaddyOpFi the Shooter (Human Hunter)              Turns: 138, Time: 00:01:23

Health: -7/52      AC:  3    Str: 17    XL:     6   Next: 20%
Magic:  6/6        EV: 15    Int: 12    God:
Gold:   85         SH:  0    Dex: 19    Spells: 5/5 levels left

rFire   + . .      SeeInvis .    a - +0 shortbow
rCold   . . .      Faith    .    (shield currently unavailable)
rNeg    . . .      Spirit   .    c - +0 leather armour
rPois   +          Reflect  .    (no helmet)
rElec   .          Rampage  .    (no cloak)
rCorr   +          NoTele   +    (no gloves)
Will    .....                    (no boots)
Stlth   +++                      n - amulet "Oselexif" {rPois Regen+}
HPRegen 1.08/turn                o - ring of Wiovo {Wiz Drain rF+ Slay+5}
MPRegen 0.10/turn                p - ring "Koiru" {rCorr Str+6 Int+3}

@: weakened
A: no striking features
a: no special abilities


You were in the Dungeon.
You visited 1 branch You collected 220 gold pieces.
You spent 135 gold pieces at shops.

Inventory:

Hand Weapons
 a - a +0 shortbow (weapon)
Armour
 c - a +0 leather armour (worn)
Jewellery
 n - the amulet "Oselexif" (around neck) {rPois Regen+}
   (You bought it in a shop in the Dungeon)

   [amulet of regeneration]

   rPois:     It protects you from poison.
   Regen:     It increases your rate of health regeneration.
 o - the ring of Wiovo (left hand) {Wiz Drain rF+ Slay+5}
   (You bought it in a shop in the Dungeon)

   [ring of wizardry]

   It improves your spell success rate.
   Slay:      It affects your accuracy & damage with ranged weapons and melee
   (+5).
   rF:        It protects you from fire.
   Drain:     It drains your maximum health when unequipped.
 p - the ring "Koiru" (right hand) {rCorr Str+6 Int+3}
   (You bought it in a shop in the Dungeon)

   [ring of resist corrosion]

   Str:       It affects your strength (+6).
   Int:       It affects your intelligence (+3).
   rCorr:     It protects you from acid and corrosion.
Wands
 k - a wand of quicksilver (5)
 l - a wand of iceblast (5)
Scrolls
 b - a scroll of immolation
 i - 2 scrolls of blinking
 m - 3 scrolls of fog
Potions
 e - 2 potions of heal wounds
 f - 4 potions of haste
 g - 2 potions of magic
 h - a potion of berserk rage
 j - a potion of resistance


   Skills:
 + Level 6.2 Fighting
 + Level 7.1 Ranged Weapons
 + Level 6.2 Dodging
 + Level 6.4 Stealth


You had 5 spell levels left.
You didn't know any spells.
Your spell library was empty.

Dungeon Overview and Level Annotations

Branches:
Dungeon (1/1)

Altars:
Dithmenos
Fedhas
Gozag
Makhleb
Okawaru
Qazlal
Ru
Sif Muna
Trog
Uskayaw
Vehumet
Wu Jian
Yredelemnul
Zin
The Shining One
Lugonu

Shops:
D *[??*?*:[(!!!!

Annotations:
D Crazy Yiuf


Message History

Aim: Crazy Yiuf, wielding a +3 quarterstaff of chaos and wearing a +2 cloak of poison resistance (lightly wounded, covering ground quickly, 74% to hit)
You shoot an arrow. The arrow hits Crazy Yiuf.
Crazy Yiuf is moderately wounded.
Fire: a) +0 shortbow
Press: ? - help, Q - select action, (/) - cycle Shift-Dir - straight line, f/p - Crazy Yiuf
Aim: Crazy Yiuf, wielding a +3 quarterstaff of chaos and wearing a +2 cloak of poison resistance (moderately wounded, covering ground quickly, 74% to hit)
You shoot an arrow. The arrow hits Crazy Yiuf.
Crazy Yiuf is heavily wounded.
Crazy Yiuf cries, "Cake!
Earwax arm cower."
Fire: a) +0 shortbow
Press: ? - help, Q - select action, (/) - cycle Shift-Dir - straight line, f/p - Crazy Yiuf
Aim: Crazy Yiuf, wielding a +3 quarterstaff of chaos and wearing a +2 cloak of poison resistance (heavily wounded, covering ground quickly, 74% to hit)
You shoot an arrow. The arrow closely misses Crazy Yiuf.
The arrow hits the gnoll sergeant.
The gnoll sergeant is lightly wounded.
Crazy Yiuf barely misses you.
The gnoll bouda gazes fiercely through you!
You feel your attacks grow feeble.
Fire: a) +0 shortbow
Press: ? - help, Q - select action, (/) - cycle Shift-Dir - straight line, f/p - Crazy Yiuf
Aim: Crazy Yiuf, wielding a +3 quarterstaff of chaos and wearing a +2 cloak of poison resistance (heavily wounded, covering ground quickly, 74% to hit)
You shoot an arrow.
The arrow hits Crazy Yiuf but does no damage.
Crazy Yiuf is heavily wounded.
The gnoll sergeant hits you from afar with a +0 spear!
* * * LOW HITPOINT WARNING * * *
Crazy Yiuf says, "Powder pontify pontify!"
The gnoll bouda calls upon its god to heal the gnoll sergeant.
The gnoll sergeant's wounds heal themselves!
The gnoll hits you with a +0 flail.
* * * LOW HITPOINT WARNING * * *
Crazy Yiuf hits you with a +3 quarterstaff of chaos.
* * * LOW HITPOINT WARNING * * *
Fire: a) +0 shortbow
Press: ? - help, Q - select action, (/) - cycle Shift-Dir - straight line, f/p - Crazy Yiuf
Aim: Crazy Yiuf, wielding a +3 quarterstaff of chaos and wearing a +2 cloak of poison resistance (heavily wounded, covering ground quickly, 74% to hit)
You shoot an arrow. The arrow hits Crazy Yiuf.
Crazy Yiuf is severely wounded.
The gnoll sergeant hits you from afar with a +0 spear!
You die...

###.........###
#⌠...........⌠#
###.8.........8.######
__..†...###......__.∩##
......8.# .8........∩##
....g...###.............
..ggg###...# #..........
.....# #.<.# #..........
.....###...###.g@.......
........###.....g.......
....g.8.# #.8.g......∩##
__......###.......__∩##
###.8.........8.######
#⌠...gg......⌠#
###.....g...###
#........_# #_......._#


You could see a gnoll sergeant (swift), a gnoll bouda, Crazy Yiuf (swift) and a
gnoll (swift).

Vanquished Creatures
  Sigmund (D)
  A gnoll sergeant (D)
  A bat (D)
  2 endoplasms (D)
  A hobgoblin (D)
6 creatures vanquished.

Notes
Turn   | Place    | Note
-------+----------+-------------------------------------------
     0 | D        | BigDaddyOpFi the Human Hunter began the quest for the Orb.
     0 | D        | Reached XP level 1. HP: 16/16 MP: 1/1
     4 | D        | Found a corrupted altar of Lugonu.
     4 | D        | Found an ornate altar of the Wu Jian Council.
     5 | D        | Found a shimmering blue altar of Sif Muna.
     5 | D        | Found a radiant altar of Vehumet.
     5 | D        | Round 1.
     6 | D        | Found a blossoming altar of Fedhas.
     6 | D        | Found a glowing golden altar of the Shining One.
     7 | D        | Found a glowing silver altar of Zin.
     7 | D        | Found a bloodstained altar of Trog.
     7 | D        | Found Odes's Identification Station.
     8 | D        | Found Feseuk's Jewellery.
     8 | D        | Found Ungyi's Advanced Armour.
    21 | D        | Found a stormy altar of Qazlal.
    22 | D        | Found Rubig's Magic Scroll Shop.
    23 | D        | Found Effidyt's Magic Scroll Shop.
    23 | D        | Found Kestrioz's Must-Have Magic.
    28 | D        | Noticed Sigmund
    49 | D        | Killed Sigmund
    49 | D        | Arena points: 12 (+12) [x2]
    50 | D        | Reached skill level 5 in Fighting
    50 | D        | Reached skill level 6 in Ranged Weapons
    50 | D        | Reached skill level 5 in Dodging
    50 | D        | Reached skill level 5 in Stealth
    50 | D        | Reached XP level 2. HP: 15/27 MP: 2/2
    50 | D        | Reached XP level 3. HP: 19/33 MP: 3/3
    50 | D        | Reached XP level 4. HP: 23/39 MP: 4/4
    50 | D        | Reached XP level 5. HP: 25/44 MP: 5/5
    63 | D        | Bought a scorched bone amulet for 45 gold pieces
    63 | D        | Identified the amulet "Oselexif" {rPois Regen+} (You bought
                  | it in a shop in the Dungeon)
    63 | D        | Bought a bound tin ring for 45 gold pieces
    63 | D        | Identified the ring of Wiovo {Wiz Drain rF+ Slay+5} (You
                  | bought it in a shop in the Dungeon)
    63 | D        | Bought an ancient jade ring for 45 gold pieces
    63 | D        | Identified the ring "Koiru" {rCorr Str+6 Int+3} (You bought
                  | it in a shop in the Dungeon)
   100 | D        | Round 2.
   118 | D        | Noticed Crazy Yiuf
   124 | D        | Found a hide-covered altar of Uskayaw.
   124 | D        | Found a shadowy altar of Dithmenos.
   124 | D        | Found a sacrificial altar of Ru.
   124 | D        | Found an iron altar of Okawaru.
   124 | D        | Found Axaewnu's Weapon Rack.
   124 | D        | Found Exiek's Premium Goods.
   124 | D        | Found Udosodghicka's Basic Armour.
   124 | D        | Found Cuugez's Miscellaneous Merchandise.
   130 | D        | Reached skill level 7 in Ranged Weapons
   130 | D        | Reached XP level 6. HP: 34/52 MP: 6/6
   132 | D        | Found Runip's Bottled Wisdom.
   132 | D        | Found a basalt altar of Yredelemnul.
   132 | D        | Found Dohisaex's Do-It-Yourself Clinic.
   132 | D        | Found Xokyqej's Distillery.
   132 | D        | Found a burning altar of Makhleb.
   132 | D        | Found an opulent altar of Gozag.
   132 | D        | Found Taotuafo's Distillery.
   138 | D        | Mangled by a gnoll sergeant

Illustrated notes

Levels and vault maps discovered:
D:        arena_sprint

Skill      XL: |  1  2  3  4  5 |
---------------+----------------+-----
Stealth        | 5 6 |  6.4
Fighting       | 5 6 |  6.2
Ranged Weapons | 6 7 |  7.1
Dodging        | 5 6 |  6.2

Action                     |  1- 3 |  4- 6 || total
---------------------------+-------+-------++-------
   Fire: Shortbow          |    27 |    21 ||    48
    Use: Potion            |     1 |     2 ||     3
         Scroll            |       |     2 ||     2
 Armour: Leather armour    |     1 |       ||     1
  Dodge: Dodged            |    17 |    11 ||    28

Table legend: (Time is in decaauts)
 A = Elapsed time spent in this place.
 B = Non-inter-level travel time spent in this place.
 C = Inter-level travel time spent in this place.
 D = Time resting spent in this place.
 E = Time spent auto-exploring this place.
 F = Levels seen in this place.
 G = Mean time per level.
                   A        B        C        D        E       F      G
               +--------+--------+--------+--------+--------+-----+--------+
         Total |    149 |    149 |      0 |     30 |      0 |   1 |  149.0 |
       Dungeon |    149 |    149 |      0 |     30 |      0 |   1 |  149.0 |
               +--------+--------+--------+--------+--------+-----+--------+

Top non-repeatable levels by time:
       D: 149 daAuts
